 Dungeon Crawl Stone Soup version 0.29.1-12-g30fa7ad0bf (webtiles) character file.

Game seed: 9175152864302782641

1327 cheesebisquit the Cleaver (level 8, -2/102 HPs)
             Began as a Minotaur Berserker on Dec 29, 2022.
             Was a Believer of Trog.
             Succumbed to an orc warrior's poison
             ... on level 5 of the Dungeon.
             The game lasted 00:21:54 (5748 turns).

cheesebisquit the Cleaver (Minotaur Berserker)      Turns: 5748, Time: 00:21:55

Health: -2/102     AC: 10    Str: 24    XL:     8   Next: 34%
Magic:  7/7        EV: 11    Int:  4    God:    Trog [**....]
Gold:   271        SH:  0    Dex: 10    Spells: 7/7 levels left

rFire   . . .      SeeInvis .   a - +0 hand axe
rCold   . . .      Faith    .   (no shield)
rNeg    . . .      Spirit   .   m - +0 scale mail
rPois   .          Reflect  .   (helmet restricted)
rElec   .          Harm     .   s - +2 cloak
rCorr   .          Rampage  .   (no gloves)
Will    ++...                   (no boots)
Stlth   ..........              (no amulet)
HPRegen 1.27/turn               (no ring)
MPRegen 0.10/turn               (no ring)

@: berserking, lethally poisoned (-2 -> -34), strong-willed, regenerating, very
quick
A: horns 2, retaliatory headbutt
a: Renounce Religion, Berserk, Trog's Hand


You were on level 5 of the Dungeon.
You worshipped Trog.
Trog was pleased with you.
You visited 1 branch of the dungeon, and saw 5 of its levels.

You collected 271 gold pieces.

Inventory:

Hand Weapons
 a - a +0 hand axe (weapon)
Missiles
 v - 14 poisoned darts (quivered)
Armour
 b - a +0 animal skin
 g - a +0 ring mail
 m - a +0 scale mail (worn)
 s - a +2 cloak (worn)
Scrolls
 c - a scroll of enchant weapon {unknown}
 d - 2 scrolls of identify
 h - a scroll of poison {unknown}
 i - a scroll of fear {unknown}
 k - a scroll of magic mapping {unknown}
 n - a scroll of teleportation
 o - a scroll of immolation {unknown}
 p - a scroll of blinking
 t - a scroll of noise {unknown}
Potions
 e - 3 potions of mutation
 f - 2 potions of curing
 j - a potion of brilliance
 q - a potion of might
 r - a potion of cancellation {unknown}
 u - a potion of lignification {unknown}


   Skills:
 - Level 5.2 Fighting
 + Level 11.0 Axes
 - Level 4.3 Armour
 - Level 3.8 Dodging


You had 7 spell levels left.
You didn't know any spells.
Your spell library was empty.

Dungeon Overview and Level Annotations

Branches:
Dungeon (5/15)             Temple (0/1) D:5

Altars:
Elyvilon
Fedhas
Hepliaklqana
Makhleb
Sif Muna
Uskayaw
The Shining One

Shops:
D:1 [


Innate Abilities, Weirdness & Mutations

You have a pair of horns on your head.
You reflexively headbutt those who attack you in melee.


Message History

You headbutt the orc warrior, but do no damage.
The orc warrior is severely wounded.
You hit the orc.
You feel sick.
You hit the orc warrior. Your headbutt misses the orc warrior.
The orc warrior is severely wounded.
You hit the orc but do no damage.
You feel sick.
The orc warrior hits you with a +2 halberd of venom!
You are more poisoned.
The orc hits you but does no damage.
You hit the orc warrior.
The orc warrior is almost dead.
You barely miss the orc.
You feel very sick. The orc hits you but does no damage.
The orc warrior hits you with a +2 halberd of venom!!
* * * LOW HITPOINT WARNING * * *
You feel much better.
You feel very sick. The orc warrior closely misses you. The orc misses you.
You furiously retaliate!
You headbutt the orc, but do no damage.
Your skin crawls.
You feel strong-willed.
You feel very sick. The orc hits you but does no damage.
The orc warrior hits you with a +2 halberd of venom!
* * * LOW HITPOINT WARNING * * *
A red film seems to cover your vision as you go berserk!
You feel yourself moving faster!
You feel mighty!
You feel very sick.
The orc warrior hits you with a +2 halberd of venom!!
* * * LOW HITPOINT WARNING * * *
You are more poisoned.
The orc closely misses you. You furiously retaliate!
You headbutt the orc!
You kill the orc!
Trog accepts your kill.
You slash the orc warrior!
You feel the power of Trog in you as your rage grows.
You kill the orc warrior!
Trog accepts your kill.
You die...

############ ########
...........# ........
......))...# ........
#@# #### ######..
###.###.... ####.)
#.)........ +.....
#.)........ #.....
#.......... #.....
.'.......... #.....
####).###.########.##.
###..###+####..##.##.
#....................


There were no monsters in sight!

Vanquished Creatures
  Sigmund (D:3)
  Eustachio (D:5)
  Edmund (D:5)
  Menkaure (D:5)
  An orc warrior (D:5)
  2 ogres (D:5)
  A centaur (D:5)
  A necrophage (D:5)
  A hound (D:4)
  2 orc priests (D:5)
  Crazy Yiuf (D:3)
  Terence (D:3)
  2 orc wizards (D:4)
  3 iguanas
  Robin (D:3)
  5 adders
  2 white imps (D:5)
  An ufetubus (D:5)
  2 worms
  2 dart slugs
  23 orcs
  3 ball pythons (D:1)
  8 endoplasms
  3 giant cockroaches
  18 goblins
  5 hobgoblins
  4 jackals
  6 kobolds
  6 quokkas
  7 bats
  3 frilled lizards
  3 rats
121 creatures vanquished.

Vanquished Creatures (others)
  2 fungi (D:3)
2 creatures vanquished.

Grand Total: 123 creatures vanquished

Notes
Turn   | Place    | Note
-------+----------+-------------------------------------------
     0 | D:1      | cheesebisquit the Minotaur Berserker began the quest for
                  | the Orb.
     0 | D:1      | Reached XP level 1. HP: 19/19 MP: 0/0
   129 | D:1      | Reached XP level 2. HP: 11/27 MP: 1/1
   438 | D:1      | Found Qovute's Antique Armour Shoppe.
   470 | D:1      | Reached skill level 4 in Axes
   534 | D:1      | Found a faded altar of an unknown god.
  1007 | D:2      | Reached XP level 3. HP: 33/33 MP: 2/2
  1634 | D:2      | Reached ** piety under Trog
  1778 | D:2      | Identified the +1 leather armour "Iroil" {Rampage Str-3
                  | Int+4}
  2156 | D:3      | Noticed Terence
  2163 | D:3      | Killed Terence
  2164 | D:3      | Reached XP level 4. HP: 41/41 MP: 3/3
  2583 | D:3      | Noticed Sigmund
  2589 | D:3      | Killed Sigmund
  2590 | D:3      | Reached skill level 5 in Fighting
  2590 | D:3      | Reached skill level 5 in Axes
  2590 | D:3      | Reached XP level 5. HP: 48/48 MP: 4/4
  2590 | D:3      | Reached XP level 6. HP: 56/56 MP: 5/5
  2625 | D:3      | Found a hide-covered altar of Uskayaw.
  2628 | D:3      | Found a blossoming altar of Fedhas.
  2631 | D:3      | Found a glowing golden altar of the Shining One.
  2735 | D:3      | Found a burning altar of Makhleb.
  2907 | D:3      | Noticed Robin
  2920 | D:3      | Killed Robin
  2944 | D:3      | Found a runed translucent door.
  2945 | D:3      | Noticed Crazy Yiuf
  3127 | D:3      | Killed Crazy Yiuf
  3427 | D:4      | Reached skill level 6 in Axes
  3674 | D:4      | Reached skill level 7 in Axes
  3913 | D:4      | Found a shimmering blue altar of Sif Muna.
  4491 | D:5      | Entered Level 5 of the Dungeon
  4495 | D:5      | Found a blossoming altar of Fedhas.
  4498 | D:5      | Reached XP level 7. HP: 61/61 MP: 6/6
  4736 | D:5      | Found a staircase to the Ecumenical Temple.
  4736 | D:5      | Noticed Eustachio
  4753 | D:5      | Killed Eustachio
  4754 | D:5      | Reached skill level 8 in Axes
  4974 | D:5      | Found a hazy altar of Hepliaklqana.
  5115 | D:5      | Reached skill level 9 in Axes
  5450 | D:5      | Found a white marble altar of Elyvilon.
  5584 | D:5      | Noticed Menkaure
  5591 | D:5      | Reached skill level 10 in Axes
  5591 | D:5      | Reached XP level 8. HP: 68/68 MP: 7/7
  5597 | D:5      | Killed Menkaure
  5623 | D:5      | Noticed Edmund
  5639 | D:5      | Killed Edmund
  5640 | D:5      | Reached skill level 11 in Axes
  5747 | D:5      | HP: 2/102 [orc warrior/+2 halberd of venom (19)]
  5748 | D:5      | Succumbed to an orc warrior's poison

Illustrated notes

Levels and vault maps discovered:
D:1:      minmay_arrival_checkered_box, layout_basic, serial_shops,
          nicolae_shop_stone, ebering_ecumenical_altar_box,
          chequers_serial_rivers_room_b
D:2:      layout_basic
D:3:      layout_loops_ring, grunt_temple_overflow_cloverleaf, minmay_puff,
          uniq_terence, uniq_sigmund, uniq_crazy_yiuf_cottage, uniq_robin
D:4:      layout_layer_cave, led_sif_pool
D:5:      layout_gridville, nicolae_elyvilon_peaceful_grove,
          mainiacjoe_overflow_alcove_2, minmay_temple_entry_grid,
          hangedman_feature_mirror, uniq_menkaure, uniq_edmund, uniq_eustachio

Skill      XL: |  1  2  3  4  5  6  7  8 |
---------------+-------------------------+-----
Fighting       | 4 5 |  5.2
Axes           | 4 5 7 10 11 | 11.0
Armour         | 3 4 |  4.3
Dodging        | 3 |  3.8

Action                   |  1- 3 |  4- 6 |  7- 9 || total
-------------------------+-------+-------+-------++-------
Melee: Hand axe          |    97 |   106 |   106 ||   309
       Headbutt          |    12 |    14 |    24 ||    50
       Punch             |       |     2 |     2 ||     4
Invok: Berserk           |     2 |     5 |     3 ||    10
       Trog's Hand       |     1 |     5 |     3 ||     9
  Use: Scroll            |       |     9 |       ||     9
       Potion            |       |       |     1 ||     1
Armor: Animal skin       |     6 |       |       ||     6
       Ring mail         |    20 |       |       ||    20
       Scale mail        |    12 |    46 |    37 ||    95
Dodge: Dodged            |    66 |    61 |    46 ||   173
